 Dungeon Crawl Stone Soup version 0.31-a0-632-g766dd24fdf (webtiles) character file.

Game seed: 12271900592250173052

28174 webuiltaworld the Brawler (level 13, -5/118 HPs)
             Began as a Troll Gladiator on Aug 26, 2023.
             Was a High Priest of Ru.
             Killed from afar by Jorgrun (18 damage)
             ... with a blast of rock fragments
             ... on level 12 of the Dungeon.
             The game lasted 00:48:39 (13978 turns).

webuiltaworld the Brawler (Troll Gladiator)        Turns: 13978, Time: 00:48:40

Health: -5/118     AC: 10    Str: 30    XL:     13   Next: 8%
Magic:  10/10      EV: 18    Int:  2    God:    Ru [*****.]
Gold:   435        SH:  5    Dex: 17    Spells: 12/12 levels left

rFire   . .          .
                       - Unarmed
rCold   + . .        (no shield)
rNeg    . . .        V - +0 acid dragon scales
rPois   .            b - +0 hat
rElec   .            G - +0 cloak "Hipa" {Fly}
rCorr   +            (gloves unavailable)
SInv    .            (boots unavailable)
Will    .....        l - amulet of reflection
Stlth   ++           K - ring of Ytol {rC+ rCorr Str+3 Int-2 Dex+4}
HPRegen 1.19/turn    Q - +5 ring of evasion
MPRegen 0.12/turn

%: reflection
@: flying, studying Ice Magic
A: large, unfitting armour, claws 3, regeneration 1, screaming 1, shaggy fur 1,
tough skin 1, inability to read after injury 2, inability to use devices, no
earth magic, no hexes magic, no summoning magic, low MP 1, wild magic 1
a: Renounce Religion, Draw Out Power, Power Leap, Apocalypse


You were on level 12 of the Dungeon.
You worshipped Ru.
Ru was extremely pleased with you.
You visited 2 branches of the dungeon, and saw 13 of its levels.
You also visited: Sewer, Ossuary and Ice Cave.

You collected 1524 gold pieces.
You spent 1089 gold pieces at shops.

Inventory:

Hand Weapons
 C - the +4 long sword of Blood {pain, SInv}
   (You found it on level 6 of the Dungeon)

   SInv:      It lets you see invisible.
 I - a +5 mace of freezing
 P - a +0 short sword
Missiles
 c - 3 throwing nets
 k - 74 stones (quivered)
 D - 10 large rocks
Armour
 b - a +0 hat (worn)
 G - the +0 cloak "Hipa" (worn) {Fly}
   (You found it on level 7 of the Dungeon)

   Fly:       It grants you flight.
 J - +0 steam dragon scales
 S - a +2 robe of fire resistance
 V - +0 acid dragon scales (worn)
Jewellery
 l - an amulet of reflection (around neck)
 n - a ring of protection from fire
 K - the ring of Ytol (left claw) {rC+ rCorr Str+3 Int-2 Dex+4}
   (You bought it in a shop on level 8 of the Dungeon)

   [ring of protection from cold]

   Str+3:     It affects your strength (+3).
   Int-2:     It affects your intelligence (-2).
   Dex+4:     It affects your dexterity (+4).
   rC+:       It protects you from cold.
   rCorr:     It protects you from acid and corrosion.
 N - a ring of flight
 O - an amulet of the acrobat
 Q - a +5 ring of evasion (right claw)
 X - a ring of positive energy
Scrolls
 d - 2 scrolls of vulnerability
 e - 6 scrolls of teleportation
 i - 3 scrolls of amnesia
 j - 2 scrolls of enchant weapon
 p - a scroll of torment
 r - a scroll of fear {unknown}
 w - 5 scrolls of poison
 x - a scroll of immolation
 y - a scroll of brand weapon
 F - a scroll of fog
 L - 2 scrolls of noise
 M - a scroll of enchant armour
 W - 2 scrolls of identify
Potions
 a - a potion of ambrosia
 f - 13 potions of curing
 g - a potion of berserk rage
 h - 2 potions of lignification {unknown}
 m - 5 potions of enlightenment
 o - 4 potions of might
 q - a potion of invisibility
 s - 2 potions of mutation
 t - 3 potions of haste {unknown}
 v - 2 potions of attraction {unknown}
 z - a potion of magic {unknown}
 A - 7 potions of heal wounds {unknown}
 B - 3 potions of brilliance {unknown}
 H - 4 potions of degeneration {unknown}
 T - a potion of cancellation {unknown}
 U - a potion of experience {unknown}


   Skills:
 + Level 5.0 Fighting
 + Level 2.4 Throwing
 * Level 3.9 Armour
 + Level 8.2 Dodging
 - Level 2.0 Stealth
 + Level 5.2 Shields
 + Level 17.5 Unarmed Combat


You had 12 spell levels left.
You didn't know any spells.
Your spell library contained the following spells:

 Spells                   Type           Power      Damage    Failure   Level
 Blink                    Tloc           0%         N/A       82%         2
 Lesser Beckoning         Tloc           0%         N/A       82%         2
 Momentum Strike          Conj/Tloc      0%         3d8       82%         2
 Sublimation of Blood     Necr           0%         N/A       82%         2
 Wereblood                Tmut           0%         N/A       82%         2
 Ozocubu's Armour         Ice            0%         N/A       96%         3
 Iskenderun's Battlesphe  Conj           0%         2d6       100%        5
 Simulacrum               Ice/Necr       0%         N/A       100%        6
 Chain Lightning          Conj/Air       0%         N/A       100%        9
 Fire Storm               Conj/Fire      0%         5d1       100%        9
 Metabolic Englaciation   Hex/Ice        Unusable   N/A       N/A         5
 Leda's Unmaking          Conj/Erth      Unusable   9d1       N/A         6
 Spellforged Servitor     Conj/Summ      Unusable   N/A       N/A         7
 Summon Hydra             Summ           Unusable   N/A       N/A         7
 Shatter                  Erth           Unusable   3d5*      N/A         9

Dungeon Overview and Level Annotations

Branches:
Dungeon (12/15)            Temple (0/1) D:7            Lair (1/5) D:11
    Orc (0/2) D:11          Sewer (visited)         Ossuary (visited)
  IceCv (visited)

Altars:
Hepliaklqana
Kikubaaqudgha
Makhleb
Nemelex Xobeh
Okawaru
Qazlal
Ru
Trog
Uskayaw
Yredelemnul

Shops:
D:8 ?=?

Annotations:
D:12 exclusion: ice statue, Jorgrun


Innate Abilities, Weirdness & Mutations

You are too large for most types of armour.
You have claws for hands.
Your natural rate of healing is unusually fast.
You occasionally shout uncontrollably at your foes.
You are covered in fur. (AC +1)
You have tough skin. (AC +1)
You sometimes lose the ability to read scrolls when taking damage.
You cannot study or use magical devices.
You cannot study or cast Earth magic.
You cannot study or cast Hexes magic.
You cannot study or cast Summoning magic.
Your magical capacity is low. (-10% MP)
Your spells are a little harder to cast, but a little more powerful.


Message History

As you read the scroll of butterflies, it crumbles to dust.
You hear the flapping of tiny wings.
Jorgrun is knocked back by the sudden gust.
The large slime creature is knocked back by the sudden gust.
The slime creature is knocked back by the sudden gust.
A large slime creature splits.
You swap places.
The slime creature hits your butterfly!
Your butterfly dies!
Your butterfly disappears in a burst of colours!
Jorgrun barely misses your butterfly.
The slime creature closely misses your butterfly.
The slime creature hits your butterfly!
Your butterfly dies!
Your butterfly disappears in a burst of colours!
You swap places.
Jorgrun hits your butterfly with a staff of earth!
Jorgrun shatters your butterfly!!
Your butterfly dies!
Your butterfly disappears in a burst of colours!
The slime creature hits your butterfly.
Your butterfly dies!
Your butterfly disappears in a burst of colours!
You swap places.
Jorgrun gestures at you while chanting.
Your butterfly is moving more slowly.
The slime creature hits your butterfly!
Your butterfly dies!
Your butterfly disappears in a burst of colours!
You swap places.
The slime creature hits your butterfly!
Your butterfly dies!
Your butterfly disappears in a burst of colours!
Jorgrun points next to your butterfly and mumbles some strange words.
Some rock shatters into small pieces.
Something barely misses your butterfly.
You swap places.
The slime creature hits your butterfly.
Your butterfly dies!
Your butterfly disappears in a burst of colours!
You swap places.
Jorgrun points next to you and mumbles some strange words.
The wall shatters!
The blast of rock fragments hits you!!
You die...

##.# ###...........
##..###.............
#...................
#...~≈~~~........... .
##~~~b≈≈~≈~≈~.......
..####≈~≈≈≈b≈≈≈≈≈~~~~~~.
.....##≈≈≈≈≈≈≈≈≈≈≈≈≈≈≈≈~
....b..)≈≈≈≈≈≈≈≈≈≈≈≈≈≈≈≈
#.b@#≈≈≈≈≈≈≈≈≈≈≈≈≈≈≈ ...
#..b##.≈≈≈≈≈≈≈≈≈≈≈≈≈
.g.....
#bb.#b####≈≈≈≈≈≈~≈≈≈
....... #...b.#
###≈≈~~~≈≈≈ .......
#.Jbb.# ####.~≈≈≈
.......##g...## ###≈≈≈
........#bbb## ##≈≈
.......#.bb## ##≈
#........#J.## #≈


You could see Jorgrun (ally target) and a slime creature (ally target).

Vanquished Creatures
  Josephine (D:11)
  A two-headed ogre (D:12)
  A bog body (IceCv)
  Pikel (D:7)
  2 lindwurms (Lair:1)
  2 ugly things
  A deep elf pyromancer (D:12)
  A cyclops (D:12)
  Joseph (D:8)
  An ice statue (IceCv)
  2 black mambas (Lair:1)
  3 cane toads (Lair:1)
  4 gargoyles
  Psyche (D:10)
  A rime drake (Lair:1)
  An ice devil (IceCv)
  A komodo dragon (Lair:1)
  A tengu conjurer (D:11)
  An anaconda simulacrum (IceCv)
  4 trolls
  2 hornets (D:9)
  A polar bear (Lair:1)
  4 blink frogs (Lair:1)
  2 slime creatures (D:12)
  Sigmund (D:4)
  30 yaks
  3 wraiths (D:11)
  A wyvern (Lair:1)
  2 steam dragons
  2 death yak simulacra (IceCv)
  3 vampire mosquitoes (D:10)
  A harpy simulacrum (IceCv)
  2 acid dragons
  8 water moccasins
  A hydra simulacrum (IceCv)
  Duvessa (D:6)
  9 orc warriors
  11 ice beasts
  A sky beast (D:7)
  A black bear (D:6)
  2 ogres
  A centaur (D:6)
  2 phantoms (D:4)
  4 lemures (D:7)
  7 kobold brigands
  4 bullfrogs
  Blork the orc (D:4)
  6 two-headed ogre simulacra (IceCv)
  15 scorpions
  20 wights
  Dowan (D:6)
  12 killer bees
  2 elephant simulacra (IceCv)
  6 electric eels
  2 centaur zombies (Ossuary)
  4 jellies
  7 orc priests
  A hound (D:7)
  3 human zombies (Ossuary)
  Jessica (D:3)
  2 scorpion zombies (Ossuary)
  5 iguanas
  10 orc wizards
  5 spriggan simulacra (IceCv)
  2 polar bear simulacra (IceCv)
  5 troll simulacra (IceCv)
  A wolf simulacrum (IceCv)
  3 mummies (Ossuary)
  Robin (D:4)
  2 gnolls (D:8)
  5 adders
  4 naga simulacra (IceCv)
  A river rat (Sewer)
  8 white imps
  4 ufetubi (IceCv)
  3 worms
  3 dart slugs
  56 orcs
  6 ball pythons
  6 endoplasms
  3 giant cockroaches
  5 gnoll zombies (Ossuary)
  22 goblins
  24 hobgoblins
  8 jackals
  A quokka (D:1)
  6 bats
  2 frilled lizards (D:3)
  3 goblin zombies (Ossuary)
  A hobgoblin zombie (Ossuary)
  44 kobolds
  2 kobold zombies (Ossuary)
  3 orc zombies (Ossuary)
  7 rats
481 creatures vanquished.

Vanquished Creatures (others)
  A two-headed ogre (D:9)
  A bog body (IceCv)
  An unseen horror (D:11)
  A yak (Lair:1)
4 creatures vanquished.

Grand Total: 485 creatures vanquished

Notes
Turn   | Place    | Note
-------+----------+-------------------------------------------
     0 | D:1      | webuiltaworld the Troll Gladiator began the quest for the
                  | Orb.
     0 | D:1      | Reached XP level 1. HP: 19/19 MP: 0/0
   253 | D:1      | Reached XP level 2. HP: 28/28 MP: 1/1
   932 | D:2      | Reached XP level 3. HP: 35/35 MP: 2/2
  1183 | D:2      | Found a faded altar of an unknown god.
  1464 | D:2      | Identified the +10 dagger of Recyejet {freeze, *Rage rN+++
                  | Str-5 SInv}
  1491 | D:2      | Reached skill level 4 in Unarmed Combat
  1519 | D:2      | Reached XP level 4. HP: 42/42 MP: 3/3
  2254 | D:3      | Found a hazy altar of Hepliaklqana.
  2319 | D:3      | Noticed Jessica
  2324 | D:3      | Killed Jessica
  2915 | D:4      | Noticed a phantom
  2921 | D:4      | Reached skill level 1 in Shields
  2921 | D:4      | Reached XP level 5. HP: 34/49 MP: 4/4
  2927 | D:4      | Killed a phantom
  2967 | D:4      | Reached skill level 5 in Unarmed Combat
  2967 | D:4      | Reached XP level 6. HP: 57/57 MP: 5/5
  3016 | D:4      | Noticed Blork the orc
  3227 | D:4      | Killed Blork the orc
  3261 | D:4      | Noticed Sigmund
  3271 | D:4      | Killed Sigmund
  3272 | D:4      | Reached skill level 1 in Stealth
  3272 | D:4      | Reached skill level 6 in Unarmed Combat
  3272 | D:4      | Reached XP level 7. HP: 63/65 MP: 6/6
  3318 | D:4      | Found a stormy altar of Qazlal.
  3345 | D:4      | Found a sand-covered staircase.
  3354 | Ossuary  | Entered an ossuary
  3447 | Ossuary  | Reached skill level 7 in Unarmed Combat
  3499 | Ossuary  | Reached XP level 8. HP: 74/74 MP: 7/7
  3573 | Ossuary  | Reached skill level 8 in Unarmed Combat
  4021 | D:4      | Found a sparkling altar of Nemelex Xobeh.
  4086 | D:4      | You fall into a shaft and drop 2 floors!
  4099 | D:6      | Reached skill level 9 in Unarmed Combat
  4121 | D:6      | Noticed Dowan
  4123 | D:6      | Noticed Duvessa
  4141 | D:6      | Killed Duvessa
  4158 | D:6      | Killed Dowan
  4222 | D:6      | Reached skill level 5 in Dodging
  4222 | D:6      | Reached XP level 9. HP: 32/80 MP: 8/8
  4320 | D:6      | Identified the +4 long sword of Blood {pain, SInv}
  4350 | D:6      | Found a bloodstained altar of Trog.
  4499 | D:6      | Reached skill level 10 in Unarmed Combat
  4740 | D:6      | Identified a scroll of acquirement
  4744 | D:6      | Acquired 430 gold pieces
  4749 | D:5      | Entered Level 5 of the Dungeon
  4837 | D:5      | Found a glowing drain.
  4862 | Sewer    | Entered a sewer
  4962 | Sewer    | Found a white marble altar of Elyvilon.
  5144 | D:5      | Found an iron altar of Okawaru.
  5206 | D:5      | Found a sacrificial altar of Ru.
  5230 | D:5      | Became a worshipper of Ru the Awakened
  5875 | D:4      | Found an ancient bone altar of Kikubaaqudgha.
  5875 | D:4      | Noticed Robin
  5889 | D:4      | Killed Robin
  6252 | D:7      | Identified the +0 cloak "Hipa" {Fly}
  6269 | D:7      | Reached skill level 11 in Unarmed Combat
  6591 | D:7      | Found a staircase to the Ecumenical Temple.
  6593 | D:7      | Gained mutation: You occasionally lose the ability to read
                  | scrolls when taking damage. [Ru sacrifice]
  6593 | D:7      | Gained mutation: You sometimes lose the ability to read
                  | scrolls when taking damage. [Ru sacrifice]
  6593 | D:7      | Reached * piety under Ru
  6651 | D:7      | Noticed Pikel
  6667 | D:7      | Reached XP level 10. HP: 85/91 MP: 9/9
  6711 | D:7      | Killed Pikel
  6893 | D:7      | Found a basalt altar of Yredelemnul.
  6906 | D:7      | Reached skill level 12 in Unarmed Combat
  7426 | D:8      | Found Pietweergh's Magic Scroll Shop.
  7429 | D:8      | Bought a scroll of identify for 20 gold pieces
  7429 | D:8      | Bought a scroll of identify for 20 gold pieces
  7429 | D:8      | Bought a scroll of identify for 20 gold pieces
  7429 | D:8      | Bought a scroll of identify for 20 gold pieces
  7622 | D:8      | Found Mavuveo's Jewellery Shop.
  7630 | D:8      | Bought the ring of Ytol {rC+ rCorr Str+3 Int-2 Dex+4} for
                  | 577 gold pieces
  7634 | D:8      | Found Fiof Nesk's Magic Scroll Shop.
  7900 | D:8      | Noticed Joseph
  7912 | D:8      | Killed Joseph
  8483 | D:9      | Reached skill level 13 in Unarmed Combat
  8746 | D:8      | Bought a +5 ring of evasion for 432 gold pieces
  8784 | D:9      | Gained mutation: You occasionally shout uncontrollably at
                  | your foes. [Ru sacrifice]
  8850 | D:9      | Noticed a two-headed ogre
  8856 | D:9      | Killed a two-headed ogre
  9466 | D:9      | Found a hide-covered altar of Uskayaw.
  9473 | D:9      | Reached XP level 11. HP: 91/93 MP: 10/10
  9543 | D:10     | Entered Level 10 of the Dungeon
  9557 | D:10     | Noticed Psyche
  9567 | D:10     | Killed Psyche
  9759 | D:10     | Reached skill level 14 in Unarmed Combat
  9783 | D:10     | Gained mutation: Your body sometimes deteriorates upon
                  | taking damage. [potion of mutation]
  9783 | D:10     | Gained mutation: You are strong-willed. (Will+) [potion of
                  | mutation]
  9784 | D:10     | Lost mutation: Your body sometimes deteriorates upon taking
                  | damage. [potion of mutation]
  9784 | D:10     | Lost mutation: You are strong-willed. (Will+) [potion of
                  | mutation]
  9784 | D:10     | Gained mutation: Your magical capacity is low. (-10% MP)
                  | [potion of mutation]
  9784 | D:10     | Gained mutation: Your spells are a little harder to cast,
                  | but a little more powerful. [potion of mutation]
 10496 | D:11     | Found a staircase to the Lair.
 10573 | D:11     | Gained mutation: You cannot study or cast Earth magic. [Ru
                  | sacrifice]
 10573 | D:11     | Gained mutation: You cannot study or cast Hexes magic. [Ru
                  | sacrifice]
 10573 | D:11     | Gained mutation: You cannot study or cast Summoning magic.
                  | [Ru sacrifice]
 10573 | D:11     | Reached ** piety under Ru
 10574 | D:11     | Noticed Josephine
 10588 | D:11     | Killed Josephine
 10589 | D:11     | Reached skill level 15 in Unarmed Combat
 10694 | D:11     | Noticed a red ugly thing
 10713 | D:11     | Killed a red ugly thing
 10922 | D:11     | Found a frozen archway.
 10931 | IceCv    | Entered an ice cave
 11318 | IceCv    | Noticed a white ugly thing
 11321 | IceCv    | Killed a white ugly thing
 11349 | IceCv    | Noticed a bog body
 11359 | IceCv    | Reached XP level 12. HP: 80/109 MP: 9/9
 11387 | IceCv    | Reached skill level 16 in Unarmed Combat
 11939 | D:11     | Found a staircase to the Orcish Mines.
 12189 | D:12     | Noticed Jorgrun
 12224 | Lair:1   | Entered Level 1 of the Lair of Beasts
 12269 | Lair:1   | Reached skill level 1 in Armour
 12408 | Lair:1   | Found a runed translucent door.
 12582 | Lair:1   | Gained mutation: You cannot study or use magical devices.
                  | [Ru sacrifice]
 12582 | Lair:1   | Reached *** piety under Ru
 12582 | Lair:1   | Reached **** piety under Ru
 12582 | Lair:1   | Reached ***** piety under Ru
 12771 | Lair:1   | Reached skill level 17 in Unarmed Combat
 12776 | Lair:1   | Reached skill level 5 in Shields
 12803 | Lair:1   | Found a burning altar of Makhleb.
 13022 | Lair:1   | Reached skill level 5 in Fighting
 13356 | D:12     | Noticed a two-headed ogre
 13363 | D:12     | Killed a two-headed ogre
 13468 | D:12     | Reached XP level 13. HP: 100/118 MP: 10/10
 13971 | D:12     | HP: 5/118 [Jorgrun/blast of rock fragments (14)]
 13978 | D:12     | Killed from afar by Jorgrun

Illustrated notes

Levels and vault maps discovered:
D:1:      sevenhm_arrival_forest_fort_large_2, layout_loops_ring
D:2:      layout_rooms, shapermc_ecumenical_altar_gd, serial_forest,
          infiniplex_forest_end_3, infiniplex_forest_end_2,
          infiniplex_forest_lined_3, infiniplex_forest_straight_3,
          infiniplex_forest_pool, infiniplex_forest_lined_room_3,
          infiniplex_forest_straight_5, infiniplex_forest_end_3,
          infiniplex_forest_end_3, minivault_5
D:3:      layout_basic, nicolae_hepliaklqana_hazy_memory, minmay_pentangle,
          uniq_jessica
D:4:      layout_basic, lemuel_crystal_altar, old_standard_altar,
          nemelex_dance_club_becter, nicolae_ossuary_entry_ruins,
          serial_bayou_pond_b, minmay_misc_feat_encased,
          kennysheep_generic_room_5, uniq_sigmund, uniq_robin,
          uniq_blork_the_orc
D:5:      layout_loops_ring, mainiacjoe_overflow_catwalk,
          nicolae_ru_path_of_blood, cheibrodos_sewer_entry_drain,
          chequers_serial_rivers_room_b
D:6:      layout_rooms, trog_butcher_becter, uniq_duvessa
D:7:      layout_basic, yredelemnul_altar_generic,
          minmay_temple_entry_antechambers, corexii_leaking_fountain, uniq_pikel
D:8:      corexii_shantytown, layout_basic, special_room [special_room_orc],
          serial_corexii_hall, chequers_hall_statues_wall_a,
          corexii_hall_statues_x, serial_shops, shop, nicolae_shop_rolled_up,
          nicolae_diamond_shop, uniq_joseph
D:9:      layout_stronghold, mainiacjoe_overflow_six_doors_small
D:10:     layout_gridville, pond, uniq_psyche
D:11:     layout_cave_pools, lair_entry_dummy, david_orc_4,
          portal_ice_cave_entry_pillars_2, nicolae_twisty_statue_hallways,
          uniq_josephine
D:12:     minmay_twisted_water, layout_long_grid, kennysheep_decorative_pillar,
          uniq_jorgrun
Lair:1:   gammafunk_lair_enchanted_lake, layout_hall_layers, basic_altar,
          grunt_megastairs_3

Skill      XL: |  1  2  3  4  5  6  7  8  9 10 11 12 |
---------------+-------------------------------------+-----
Throwing       | 2 |  2.4
Dodging        | 3 4 5 6 7 8 |  8.2
Unarmed Combat | 4 5 6 7 9 11 13 15 17 | 17.5
Shields        | 1 2 3 4 5 |  5.2
Fighting       | 2 3 4 5 |  5.0
Stealth        | 1 2 |  2.0
Armour         | 3 |  3.9

Action                     |  1- 3 |  4- 6 |  7- 9 | 10-12 | 13-15 || total
---------------------------+-------+-------+-------+-------+-------++-------
  Melee: Unarmed           |   113 |   203 |   375 |   710 |    30 ||  1431
         Punch             |     1 |     3 |    17 |    55 |     4 ||    80
  Throw: Large rock        |     1 |       |       |       |       ||     1
         Stone             |       |     1 |     3 |     4 |    41 ||    49
 Invoke: Sacrifice Words   |       |       |     1 |       |       ||     1
         Sacrifice Purity  |       |       |       |     1 |       ||     1
         Sacrifice Arcana  |       |       |       |     1 |       ||     1
         Sacrifice Artific |       |       |       |     1 |       ||     1
    Use: Scroll            |       |       |    12 |    14 |     1 ||    27
         Potion            |       |       |       |     2 |       ||     2
   Stab: Sleeping          |       |     1 |     2 |     9 |       ||    12
         Distracted        |       |       |       |     2 |       ||     2
         Invisible         |       |       |       |       |     2 ||     2
 Armour: Robe              |    29 |    24 |    69 |     7 |       ||   129
         Steam dragon scal |       |       |       |    63 |       ||    63
         Acid dragon scale |       |       |       |    27 |     4 ||    31
  Dodge: Dodged            |    37 |    31 |   111 |   340 |    15 ||   534
  Block: Other             |     4 |    14 |    49 |   108 |     6 ||   181
         Reflection        |       |       |     2 |     2 |       ||     4

Table legend: (Time is in decaauts)
 A = Elapsed time spent in this place.
 B = Non-inter-level travel time spent in this place.
 C = Inter-level travel time spent in this place.
 D = Time resting spent in this place.
 E = Time spent auto-exploring this place.
 F = Levels seen in this place.
 G = Mean time per level.
                   A        B        C        D        E       F      G
               +--------+--------+--------+--------+--------+-----+--------+
         Total |  13696 |  12737 |    959 |    685 |   8170 |  16 |  856.0 |
       Dungeon |  11172 |  10328 |    844 |    322 |   7151 |  12 |  931.0 |
          Lair |    998 |    883 |    115 |     99 |    542 |   1 |  998.0 |
         Sewer |    241 |    241 |      0 |      0 |    124 |   1 |  241.0 |
       Ossuary |    523 |    523 |      0 |    150 |     74 |   1 |  523.0 |
      Ice Cave |    760 |    760 |      0 |    114 |    279 |   1 |  760.0 |
               +--------+--------+--------+--------+--------+-----+--------+

Top non-repeatable levels by time:
     D:2: 1288 daAuts
     D:8: 1265 daAuts
     D:9: 1025 daAuts
     D:4: 1005 daAuts
  Lair:1: 998 daAuts
    D:11: 945 daAuts
     D:7: 930 daAuts
     D:1: 923 daAuts
    D:10: 922 daAuts
     D:5: 858 daAuts
   IceCv: 760 daAuts
    D:12: 674 daAuts
     D:3: 673 daAuts
     D:6: 657 daAuts
 Ossuary: 523 daAuts
